 Dungeon Crawl Stone Soup version 0.20.1-1-g8b1a95d (webtiles) character file.

245861 equalderp2856 the Executioner (level 19, -11/181 HPs)
             Began as a Minotaur Fighter on Aug 28, 2017.
             Killed from afar by a frost giant (19 damage)
             ... with a bolt of cold
             ... on level 4 of the Shoals.
             The game lasted 02:11:29 (41656 turns).

equalderp2856 the Executioner (Minotaur Fighter)   Turns: 41656, Time: 02:11:30

Health: -11/181    AC: 41    Str: 28    XL:     19   Next: 18%
Magic:  19/19      EV: 10    Int:  8    God:
Gold:   1780       SH: 16    Dex: 13    Spells: 18/18 levels left

rFire    . . .     SeeInvis .   p - +0 war axe (chop)
rCold    . . .     Gourm    .   c - +0 shield
rNeg     . . .     Faith    .   t - +15 Maxwell's patent armour {-Cast -Tele rElec MR+ rCorr}
rPois    +         Spirit   .   K - +2 hat
rElec    +         Reflect  .   L - +2 cloak {rPois}
rCorr    +         Harm     .   k - +2 pair of gloves
MR       ++...     NoTele   +   (no boots) Stlth ..........NoCast +
                                E - amulet of regeneration
Regen    0.8/turn               u - +5 ring of strength
MPRegen  0.2/turn               V - ring of flight

@: heavily drained, very slow
A: retaliatory headbutt, horns 2
}: 1/15 runes: serpentine
a: Evoke Flight


You were on level 4 of the Shoals.
You were very hungry.

You visited 5 branches of the dungeon, and saw 31 of its levels.
You also visited: Labyrinth.

You collected 2264 gold pieces.
You spent 484 gold pieces at shops.

Inventory:

Hand Weapons
 a - a +1 war axe
 p - a +0 war axe of chopping (weapon)
 W - the +7 trident of Dim Light {freeze, rF- MR+ Str+3 SInv}
   (You found it on level 11 of the Dungeon)

   It has been specially enchanted to freeze those struck by it, causing extra
   injury to most foes and up to half again as much damage against particularly
   susceptible opponents.
   It can also slow down cold-blooded creatures.
   It affects your strength (+3).
   It makes you vulnerable to fire.
   It affects your resistance to hostile enchantments.
   It lets you see invisible.
Armour
 c - a +0 shield (worn)
 e - a +3 chain mail of cold resistance
 k - a +2 pair of gloves (worn)
 t - the +15 Maxwell's patent armour (worn) {-Cast -Tele rElec MR+ rCorr}
   (You found it on level 6 of the Lair of Beasts)

   It insulates you from electricity.
   It affects your resistance to hostile enchantments.
   It prevents spellcasting.
   It prevents most forms of teleportation.
   It protects you from acid and corrosion.
 y - a +0 cloak of magic resistance
 K - a +2 hat (worn)
 L - a +2 cloak of poison resistance (worn)
Jewellery
 u - a +5 ring of strength (left hand)
 w - the amulet "Wucok" {RegenMP rPois Int+3}
   (You found it on level 5 of the Lair of Beasts)

   [amulet of magic regeneration]

   It increases your magic regeneration.
   It affects your intelligence (+3).
   It protects you from poison.
 A - an uncursed amulet of the gourmand
 E - an amulet of regeneration (around neck)
 P - an uncursed ring of see invisible
 Q - an uncursed ring of poison resistance
 V - a ring of flight (right hand)
Wands
 x - a wand of disintegration (4/24)
 R - a wand of paralysis (20/24)
 T - a wand of iceblast (1/15)
 Y - a wand of polymorph (8/24)
Scrolls
 h - a scroll of blinking
 i - 12 scrolls of identify
 l - 6 scrolls of enchant weapon
 o - 5 scrolls of teleportation
 q - 8 scrolls of enchant armour
 s - 5 scrolls of fog
 D - 5 scrolls of magic mapping
 F - 4 scrolls of remove curse
 I - 4 scrolls of amnesia
 O - 4 scrolls of recharging
Potions
 d - a potion of might
 g - 2 potions of ambrosia
 j - 6 potions of curing
 n - 5 potions of agility
 r - 2 potions of haste
 z - a potion of brilliance
 M - 2 potions of flight
 U - a potion of berserk rage
 Z - 3 potions of cancellation
Books
 b - a book of Clouds

   Spells                             Type                      Level
   a - Poisonous Vapours              Poison/Air                   2
   b - Mephitic Cloud                 Conjuration/Poison/Air       3
   c - Conjure Flame                  Conjuration/Fire             3
   d - Freezing Cloud                 Conjuration/Ice/Air          6
   e - Ring of Flames                 Charms/Fire                  7
Miscellaneous
 m - a lightning rod (4/4)
Comestibles
 f - 15 bread rations
 S - 6 meat rations


   Skills:
 + Level 18.9(17.0) Fighting
 + Level 21.0(19.1) Axes
 + Level 1.2(12.7) Polearms
 + Level 17.4(15.6) Armour
 + Level 5.5(4.1) Dodging
 + Level 3.8(2.5) Stealth
 + Level 21.0(19.1) Shields
 + Level 2.2(1.0) Evocations


You had 18 spell levels left.
You didn't know any spells.

Dungeon Overview and Level Annotations

Branches:
Dungeon (15/15)            Temple (0/1) D:5            Lair (6/6) D:11
 Shoals (4/4) Lair:2        Snake (4/4) Lair:3        Slime (0/5) Lair:5
    Orc (2/2) D:10            Elf (0/3) Orc:2        Vaults (0/5) D:13
 Depths (0/5) D:15

Altars:
Ashenzari
Elyvilon
Fedhas
Gozag
Makhleb
Okawaru
Uskayaw
Yredelemnul
Zin
The Shining One
Jiyva

Shops:
D:9 =   D:13 *   D:14 %}*!*   Orc:1 ?=   Orc:2 *=%*   Snake:2 [=[
Snake:3 (!((

Annotations:
D:2 Sigmund
D:5 Baril's ghost, novice GrFE
D:6 3 exclusions
D:9 Snorg
Shoals:4 Ilsuiw


Innate Abilities, Weirdness & Mutations

You reflexively headbutt those who attack you in melee.
You have a pair of horns on your head.


Message History

The silver javelin hits you!
* * * LOW HITPOINT WARNING * * *
Your magical effects are unravelling.
You feel magically purged.
You feel yourself slow down.
You break out of your daze.
The merfolk javelineer hits you from afar with a spear!
* * * LOW HITPOINT WARNING * * *
You block the merfolk impaler's attack.
The merfolk hits you from afar with a trident.
* * * LOW HITPOINT WARNING * * *
You block the merfolk impaler's attack.
Unknown command.
You enter the shallow water.
Moving in this stuff is going to be slow.
Ilsuiw gestures wildly while chanting.
Ilsuiw blinks!
The frost giant gestures at you while chanting.
The bolt of cold hits you!
You die...

≈.......P....(.≈##.#.#.≈##.......
≈............(.≈#...≈...##.......
≈.............(≈#...##.###.......
≈.............)(.#######.........
≈≈.........≈≈..))#≈####≈)≈≈≈≈....
≈≈..######.≈P≈≈P≈≈(≈≈≈≈≈≈≈≈≈≈≈...
≈≈...### ##.≈≈≈≈(≈≈≈≈≈≈≈≈≈≈≈≈≈≈..
≈≈≈.≈..###.≈P≈≈≈≈m/kmm≈≈≈≈≈≈≈≈≈≈≈
≈≈≈≈≈≈...P.PPPP≈@≈[km(m≈≈≈≈≈≈≈≈≈≈
≈≈≈≈≈≈≈≈.≈PP≈≈≈≈P(.mt≈m(≈≈≈≈≈≈≈≈≈
≈≈≈≈≈≈≈≈≈≈P≈PP≈≈.ECmmm≈(≈≈≈≈≈≈≈≈≈
≈≈≈≈≈≈P≈≈PP≈P≈P≈mmmEm.m≈≈≈≈≈≈≈≈≈≈
≈≈≈≈≈≈≈≈≈≈≈≈≈PP≈.E.m((()≈≈≈≈≈≈≈≈≈
≈≈≈≈≈≈≈≈≈≈≈≈≈≈P≈...m..#)≈##≈#≈≈
≈≈≈≈≈≈≈≈≈≈≈≈≈PPPP.....#### ## ≈
≈≈≈≈≈≈≈≈≈≈≈PPP≈P.((.###
≈≈≈≈PP.(..≈#


You could see Ilsuiw, a frost giant, a merfolk avatar, 5 merfolk impalers, 3
merfolk javelineers, a snapping turtle, 2 wind drakes, 6 merfolk, 3 water
elementals and a merfolk siren.

Vanquished Creatures
  Bai Suzhen (Snake:3)
  Rupert (Lair:4)
  A kraken (Shoals:3)
  Polyphemus (Shoals:3)
  The ghost of manyhoops the Stormcaller, an adept DgAE (Shoals:1)
  Gastronok (D:12)
  Agnes (D:15)
  14 nagarajas
  Aizul (Snake:2)
  Louise (Shoals:3)
  Nessos (Lair:4)
  Azrael (Snake:3)
  5 merfolk javelineers
  A minotaur (Lab)
  Josephine (Lair:3)
  An ettin (Orc:1)
  9 merfolk impalers
  A fire dragon (Lair:6)
  A great orb of eyes (D:14)
  A rakshasa (D:14)
  2 ogre magi
  9 merfolk avatars
  A catoblepas (Shoals:3)
  19 naga warriors
  2 hydras (Lair:6)
  10 anacondas
  2 centaur warriors (D:13)
  A merfolk aquamancer (Shoals:3)
  2 alligator snapping turtles (Shoals:3)
  18 two-headed ogres
  3 satyrs
  16 death yaks
  Urug (Lair:4)
  20 naga sharpshooters
  3 shock serpents
  A salamander mystic (Snake:4)
  2 deep trolls (Orc:1)
  9 sea snakes
  9 naga ritualists
  A wolf spider zombie (D:14)
  A swamp dragon (Lair:6)
  A phantasmal warrior (D:13)
  A flayed ghost (D:14)
  An orc knight (Orc:1)
  7 harpies
  9 oklob plants
  8 manticores
  A wolf spider (Lair:6)
  17 mana vipers
  2 deep elf magi (D:15)
  An orc sorcerer (Orc:1)
  Maurice (D:9)
  8 salamanders
  11 ugly things
  5 cyclopes
  17 fauns
  39 black mambas
  4 elephants (Lair:6)
  5 water nymphs
  16 merfolk sirens
  8 guardian serpents
  26 naga magi
  A spiny frog (shapeshifter) (D:14)
  16 spiny frogs
  7 gargoyles
  14 komodo dragons
  2 efreet
  3 kobold demonologists
  5 rime drakes
  3 polar bears
  A queen bee (shapeshifter) (D:13)
  31 merfolk
  14 trolls
  4 hornets
  A harpy skeleton (D:14)
  5 slime creatures
  5 wind drakes
  7 dream sheep (Lair:6)
  8 snapping turtles
  12 hippogriffs
  24 blink frogs
  2 redbacks (Lair:6)
  3 shadows
  11 wyverns (Lair:6)
  A vampire (D:14)
  16 water elementals
  A yak (shapeshifter) (D:15)
  8 wraiths
  32 yaks
  A basilisk (shapeshifter) (D:14)
  14 basilisks
  A fire elemental (Snake:3)
  A vampire mosquito (D:14)
  3 steam dragons (Lair:6)
  6 hungry ghosts
  Menkaure (D:7)
  A naga (shapeshifter) (D:15)
  A soldier ant (D:11)
  54 nagas
  2 wargs (D:10)
  An acid dragon (Lair:6)
  23 water moccasins
  Duvessa (D:7)
  9 porcupines
  6 hell hounds
  3 swamp drakes (Lair:6)
  A black bear (Lair:2)
  21 orc warriors
  3 sky beasts
  6 ice beasts
  2 eyes of draining
  2 phantoms (D:10)
  4 necrophages (D:9)
  25 ogres
  4 boggarts
  8 wolves
  18 centaurs
  13 crocodiles
  Blork the orc (D:6)
  4 big kobolds
  20 bullfrogs
  Dowan (D:7)
  An earth elemental (Lab)
  A wyvern skeleton (D:11)
  5 scorpions
  6 wights (D:14)
  11 howler monkeys
  2 electric eels (D:12)
  4 centaur zombies
  7 crimson imps
  7 hounds
  2 jellies
  12 orc priests
  6 centaur skeletons
  3 bullfrog skeletons
  17 orc wizards
  6 iguanas
  8 worker ants
  A howler monkey zombie (D:9)
  2 worker ant zombies
  A howler monkey skeleton (D:4)
  3 gnolls (Orc:2)
  16 adders
  4 shadow imps
  3 white imps (D:12)
  3 ufetubi (D:12)
  2 oozes
  2 worms
  3 dart slugs (D:1)
  5 leopard geckos
  57 orcs
  7 giant cockroaches
  4 goblins
  6 hobgoblins
  14 jackals
  18 kobolds
  9 quokkas
  2 ball pythons
  7 bats
  5 frilled lizards
  A quokka skeleton (D:8)
  A quokka zombie (D:9)
  5 rats
  2 bushes (D:9)
  4 fungi
  32 plants
  4 tentacles (Shoals:3)
1184 creatures vanquished.

Vanquished Creatures (others)
  2 merfolk aquamancers (Shoals:3)
  A sea snake (Shoals:4)
  A basilisk (Lair:6)
  20 fungi
  43 plants
  5 tentacles (Shoals:3)
72 creatures vanquished.

Grand Total: 1256 creatures vanquished

Notes
Turn   | Place    | Note
-------+----------+-------------------------------------------
     0 | D:1      | equalderp2856 the Minotaur Fighter began the quest for the Orb.
     0 | D:1      | Reached XP level 1. HP: 19/19 MP: 0/0
   133 | D:1      | Reached XP level 2. HP: 27/27 MP: 1/1
   583 | D:2      | Reached XP level 3. HP: 33/33 MP: 2/2
   625 | D:2      | Noticed Sigmund
  1024 | D:3      | Reached XP level 4. HP: 33/40 MP: 3/3
  1164 | D:3      | Found a hide-covered altar of Uskayaw.
  1899 | D:4      | Reached XP level 5. HP: 47/47 MP: 4/4
  2270 | D:4      | Reached skill level 5 in Axes
  2281 | D:4      | Reached skill level 1 in Dodging
  2355 | D:4      | Reached XP level 6. HP: 52/55 MP: 5/5
  2525 | D:4      | Reached skill level 5 in Fighting
  2532 | D:4      | Found a shattered altar of Ashenzari.
  2672 | D:5      | Entered Level 5 of the Dungeon
  2680 | D:5      | Found an iron altar of Okawaru.
  2861 | D:5      | Noticed Baril's ghost (novice GrFE)
  3190 | D:5      | Found a staircase to the Ecumenical Temple.
  3300 | D:5      | Found an opulent altar of Gozag.
  3672 | D:6      | Found a glowing golden altar of the Shining One.
  3786 | D:6      | Reached skill level 5 in Shields
  3795 | D:6      | Found a white marble altar of Elyvilon.
  3803 | D:6      | Noticed Blork the orc
  3815 | D:6      | Killed Blork the orc
  3815 | D:6      | Reached XP level 7. HP: 33/61 MP: 6/6
  3997 | D:6      | Reached skill level 5 in Armour
  3999 | D:6      | Found a basalt altar of Yredelemnul.
  4498 | D:7      | Noticed Dowan
  4503 | D:7      | Noticed Duvessa
  4643 | D:6      | Reached XP level 8. HP: 61/70 MP: 7/7
  4747 | D:7      | Killed Duvessa
  4747 | D:7      | Reached skill level 1 in Stealth
  4764 | D:7      | Killed Dowan
  5001 | D:7      | Noticed Menkaure
  5134 | D:7      | Killed Menkaure
  5647 | D:7      | Noticed a hippogriff
  5657 | D:7      | Killed a hippogriff
  6057 | D:8      | Reached XP level 9. HP: 78/78 MP: 8/8
  6112 | D:8      | Noticed a two-headed ogre
  6183 | D:7      | Killed a two-headed ogre
  6183 | D:7      | Reached skill level 10 in Axes
  6526 | D:8      | Found a glowing silver altar of Zin.
  6994 | D:8      | Noticed a two-headed ogre
  7002 | D:8      | Killed a two-headed ogre
  7002 | D:8      | Reached XP level 10. HP: 76/86 MP: 9/9
  7356 | D:9      | Noticed Maurice
  7430 | D:9      | Killed Maurice
  7586 | D:9      | Found Larimp's Jewellery Shoppe.
  7700 | D:9      | Found a blossoming altar of Fedhas.
  8219 | D:10     | Entered Level 10 of the Dungeon
  8297 | D:10     | Noticed Snorg
  8442 | D:10     | Found a staircase to the Orcish Mines.
  8681 | D:10     | Found a burning altar of Makhleb.
  9105 | D:11     | Reached XP level 11. HP: 93/93 MP: 10/10
  9142 | D:11     | Noticed a two-headed ogre
  9153 | D:11     | Killed a two-headed ogre
  9153 | D:11     | Reached skill level 10 in Shields
  9204 | D:11     | Found a staircase to the Lair.
  9395 | D:11     | Reached skill level 10 in Armour
  9401 | D:11     | Got an iridescent trident
  9671 | D:11     | Noticed a two-headed ogre
  9678 | D:11     | Killed a two-headed ogre
  9787 | Lair:1   | Entered Level 1 of the Lair of Beasts
  9828 | Lair:1   | Found a labyrinth entrance.
  9876 | Lab      | Entered a labyrinth
 10491 | Lab      | Found an exit through the horrors of the Abyss.
 12239 | Lab      | Found an exit through the horrors of the Abyss.
 12641 | Lab      | Noticed a minotaur
 12656 | Lab      | Killed a minotaur
 12656 | Lab      | Reached XP level 12. HP: 60/104 MP: 11/11
 12710 | Lab      | Identified the +7 trident of Dim Light {freeze, rF- MR+ Str+3 SInv} (You found it on level 11 of the Dungeon)
 12969 | Lair:1   | Identified a scroll of acquirement
 13334 | Lair:1   | You fall through a shaft!
 13362 | Lair:2   | Found a staircase to the Shoals.
 13366 | Lair:2   | Reached skill level 1 in Evocations
 13499 | Lair:2   | Reached skill level 10 in Fighting
 14084 | Lair:1   | Reached skill level 15 in Axes
 15373 | Lair:3   | Found a staircase to the Snake Pit.
 15384 | Lair:3   | Reached XP level 13. HP: 106/113 MP: 12/12
 16265 | Lair:4   | Noticed Rupert
 16324 | Lair:4   | Noticed Urug
 16368 | Lair:4   | Killed Urug
 16586 | Lair:4   | Noticed Josephine
 16633 | Lair:3   | Killed Josephine
 16855 | Lair:4   | Noticed Nessos
 16883 | Lair:4   | HP: 2/116 [Nessos/arrow (18)]
 17274 | Lair:4   | Killed Nessos
 17490 | Lair:4   | Killed Rupert
 17785 | Lair:5   | Got a shimmering ivory amulet
 17790 | Lair:5   | Identified the amulet "Wucok" {RegenMP rPois Int+3} (You found it on level 5 of the Lair of Beasts)
 17881 | Lair:5   | Found a viscous altar of Jiyva.
 17881 | Lair:5   | Found a staircase to the Slime Pits.
 18601 | Lair:6   | Entered Level 6 of the Lair of Beasts
 18688 | Lair:6   | Reached XP level 14. HP: 101/127 MP: 14/14
 21446 | Lair:1   | Reached skill level 15 in Shields
 24272 | D:12     | Noticed Gastronok
 24305 | D:12     | Killed Gastronok
 24439 | D:12     | Reached XP level 15. HP: 137/137 MP: 9/15
 24464 | D:12     | Reached skill level 1 in Polearms
 25646 | D:13     | Found a gate to the Vaults.
 25713 | D:13     | Found Teufy's General Store.
 25911 | D:14     | Found Nuul's Food Boutique.
 26220 | D:14     | Found Olaneil's Assorted Antiques.
 26302 | D:14     | Found Atetooczi's Assorted Antiques.
 26326 | D:14     | Bought a scroll labeled TYUM XO ISU for 24 gold pieces
 26326 | D:14     | Bought a bone ring for 120 gold pieces
 26330 | D:14     | Found Fucku's Gadget Shoppe.
 26653 | D:14     | Found Not Vynosi's Distillery.
 26657 | D:14     | Bought a potion of degeneration for 17 gold pieces
 26659 | D:14     | Bought a potion of cancellation for 136 gold pieces
 27019 | D:15     | Entered Level 15 of the Dungeon
 27387 | D:15     | Found a staircase to the Depths.
 27662 | D:15     | Noticed Agnes
 27683 | D:15     | Killed Agnes
 27786 | D:15     | Reached skill level 15 in Armour
 27851 | D:15     | Reached skill level 15 in Fighting
 28341 | Orc:1    | Entered Level 1 of the Orcish Mines
 28380 | Orc:1    | Found Hackomoa's Magic Scroll Shop.
 28710 | Orc:1    | Found Min Odghioku's Jewellery Emporium.
 28936 | Orc:2    | Entered Level 2 of the Orcish Mines
 28936 | Orc:2    | Found a staircase to the Elven Halls.
 29108 | Orc:1    | Reached XP level 16. HP: 76/149 MP: 16/16
 29268 | Orc:2    | Found Vofu's Food Emporium.
 29392 | Orc:2    | Found Bett's Assorted Antiques.
 29406 | Orc:2    | Found Yskusuus's Assorted Antiques.
 29407 | Orc:2    | Found Dalyer's Jewellery Emporium.
 30171 | Snake:1  | Entered Level 1 of the Snake Pit
 30736 | Snake:1  | Found an iron altar of Okawaru.
 32132 | Snake:2  | Noticed Aizul
 32167 | Snake:2  | Killed Aizul
 32354 | Snake:2  | Found Niecluy's Armour Emporium.
 32393 | Snake:2  | Found Dafiase's Jewellery Shoppe.
 32393 | Snake:2  | Found Jud Omam's Antique Armour Emporium.
 32799 | Snake:3  | Found Keatik's Antique Weapon Shoppe.
 32822 | Snake:3  | Found Qamir's Antique Weapon Shoppe.
 32888 | Snake:3  | Found Rumnykust's Distillery.
 32888 | Snake:3  | Found Giulu's Weapon Shoppe.
 32904 | Snake:3  | Bought a potion of heal wounds for 55 gold pieces
 32904 | Snake:3  | Bought a potion of cancellation for 88 gold pieces
 32904 | Snake:3  | Bought a potion of might for 44 gold pieces
 32985 | Snake:3  | Noticed Bai Suzhen
 33039 | Snake:3  | Killed Bai Suzhen
 33222 | Snake:3  | Reached XP level 17. HP: 128/160 MP: 17/17
 33237 | Snake:3  | Noticed Azrael
 33251 | Snake:3  | Killed Azrael
 33763 | Snake:3  | Reached skill level 5 in Dodging
 34229 | Snake:4  | Entered Level 4 of the Snake Pit
 36188 | Snake:3  | Reached XP level 18. HP: 131/171 MP: 18/18
 36786 | Snake:4  | Got a serpentine rune of Zot
 37167 | Shoals:1 | Entered Level 1 of the Shoals
 37314 | Shoals:1 | Noticed manyhoops's ghost (adept DgAE)
 37372 | Shoals:1 | HP: 4/172 [manyhoops's ghost/the air (24)]
 37604 | Shoals:1 | Killed manyhoops's ghost
 38457 | Shoals:2 | Paralysed by fainting for 5 turns
 39844 | Shoals:3 | Noticed Polyphemus
 39882 | Shoals:3 | Killed Polyphemus
 40023 | Shoals:3 | Noticed Louise
 40076 | Shoals:3 | Killed Louise
 40562 | Shoals:4 | Entered Level 4 of the Shoals
 41159 | Shoals:4 | Reached XP level 19. HP: 180/181 MP: 19/19
 41628 | Shoals:4 | Noticed Ilsuiw
 41655 | Shoals:4 | HP: 9/181 [merfolk javelineer/spear (10)]
 41656 | Shoals:4 | Killed from afar by a frost giant

Skill      XL: |  1  2  3  4  5  6  7  8  9 10 11 12 13 14 15 16 17 18 19 |
---------------+----------------------------------------------------------+-----
Fighting       | 4 5 6 7 8 9 10 12 13 15 16 17 18 | 18.9
Shields        | 4 5 6 8 9 11 12 14 15 16 17 19 20 21 | 21.0
Axes           | 3 4 5 6 7 9 11 12 14 15 16 17 18 19 20 21 | 21.0
Armour         | 4 5 7 8 9 11 12 13 14 15 16 17 | 17.4
Dodging        | 1 2 3 4 5 |  5.5
Stealth        | 1 2 3 |  3.8
Evocations     | 1 2 |  2.2
Polearms       | 1 |  1.2

Action                   |  1- 3 |  4- 6 |  7- 9 | 10-12 | 13-15 | 16-18 | 19-21 || total
-------------------------+-------+-------+-------+-------+-------+-------+-------++-------
Melee: War axe           |    85 |   130 |   306 |   711 |  1695 |  2039 |   143 ||  5109
       Headbutt          |    15 |    22 |    64 |   167 |   517 |   572 |    37 ||  1394
       Trident           |       |       |       |       |    32 |       |       ||    32
 Abil: Evoke Flight      |       |       |       |       |       |     3 |     1 ||     4
Evoke: Wand              |       |       |       |     7 |    11 |     2 |       ||    20
  Use: Scroll            |       |       |     1 |    23 |     9 |     6 |       ||    39
       Potion            |       |       |       |     1 |     5 |     3 |     5 ||    14
 Stab: Paralysed         |       |       |       |     5 |     2 |       |       ||     7
       Petrified         |       |       |       |       |       |     7 |       ||     7
       Petrifying        |       |       |       |       |       |     2 |       ||     2
  Eat: Chunk             |       |     9 |    11 |    18 |    36 |    12 |       ||    86
       Fruit             |       |       |       |    10 |     8 |     6 |       ||    24
       Royal jelly       |       |       |       |     3 |     1 |     6 |       ||    10
       Bread ration      |       |       |       |     1 |       |       |       ||     1
       Meat ration       |       |       |       |       |       |     3 |       ||     3
Armor: Scale mail        |    62 |    48 |    21 |       |       |       |       ||   131
       Plate armour      |       |       |   105 |   210 |   480 |   974 |    96 ||  1865
       Chain mail        |       |       |       |    58 |   182 |       |       ||   240
Dodge: Dodged            |    34 |    38 |    60 |   146 |   385 |   566 |    50 ||  1279
Block: Shield            |    49 |    53 |   160 |   357 |   946 |  1604 |   160 ||  3329
